Map: Arctic Dream LE

Players

Nyck

  • Race: Terran Terran
  • Spawn Location: 6:00

Ekelpack

  • Race: Zerg Zerg
  • Spawn Location: 5:00

Add

  • Race: Terran Terran
  • League: Gold
  • Spawn Location: 12:00

MalaNeve

  • Race: Protoss Protoss
  • Spawn Location: 11:00

VOD

Have the link to the VOD?

Description

Time

  • Played on: Sept. 27, 2020, 2:38 p.m.
  • Length: 17:03
Show
View Real Time Build Order
Export as new Build Order

Nyck Terran 

Build Orders:  

Get SALT Encoding   

  12  0:10  SCV  
  13  0:16  Supply Depot  
  13  0:32  SCV  
  14  0:38  Barracks  
  14  0:42  Refinery  
  14  0:51  SCV  
  15  1:03  SCV, Barracks  
  16  1:15  SCV  
  17  1:28  Refinery  
  17  1:29  Reaper  
  17  1:32  Orbital Command  
  18  1:52  Reaper  
  19  1:58  Supply Depot  
  19  2:00  SCV  
  20  2:05  Reaper  
  21  2:12  SCV  
  22  2:23  Supply Depot  
  22  2:24  SCV  
  23  2:38  SCV  
  24  2:45  Barracks Tech Lab  
  24  2:46  Barracks Tech Lab  
  24  2:51  Barracks  
  24  2:55  Barracks  
  24  2:58  Engineering Bay  
  24  3:06  Marauder  
  24  3:07  Marauder  
  28  3:15  SCV  
  29  3:21  Concussive Shells  
  29  3:29  Terran Infantry Armor Level 1  
  29  3:32  SCV  
  30  3:40  Marauder  
  32  3:41  Marauder  
  32  3:44  SCV  
  35  4:02  SCV  
  35  4:20  SCV  
  35  4:21  Marauder  
  38  4:24  Barracks Tech Lab  
  38  4:25  Barracks Tech Lab  
  38  4:51  Stimpack  
  38  4:56  Marauder  
  38  4:58  Factory  
  38  5:03  Marauder x3  
  44  5:18  Command Center  
  44  5:19  SCV  
  47  5:21  Marauder  
  47  5:31  Terran Infantry Weapons Level 1  
  47  5:36  Supply Depot  
  47  5:37  Marauder  
  49  5:52  Starport  
  49  5:53  Factory Reactor  
  47  5:59  Supply Depot, Marine x2  
  47  6:00  Marine x2  
  51  6:18  SCV  
  51  6:22  Marine  
  51  6:23  Marine  
  53  6:30  SCV  
  53  6:31  Refinery  
  54  6:34  Combat Shield  
  54  6:42  Engineering Bay  
  54  6:53  Orbital Command  
  54  7:02  Medivac  
  54  7:03  Medivac  
  58  7:10  SCV  
  59  7:21  SCV  
  60  7:23  SCV  
  61  7:33  SCV  
  61  7:35  Armory  
  62  7:39  Medivac x2  
  62  7:42  Marauder x3  
  62  7:44  Marine  
  72  7:50  Supply Depot  
  73  7:54  SCV  
  74  7:59  SCV, Refinery  
  75  8:45  Marine x4  
  75  8:48  Terran Infantry Armor Level 2, Terran Infantry Weapons Level 2  
  79  8:51  Terran Vehicle And Ship Armor Level 1  
  79  8:54  Viking x2  
  83  9:05  Marine x4  
  83  9:09  SCV  
  88  9:21  SCV  
  89  9:27  Command Center  
  89  9:33  SCV  
  90  9:44  SCV  
  90  9:45  SCV  
  91  9:47  Medivac x2  
  92  9:57  SCV  
  89  10:05  Marine x4  
  36  10:51  Marine x3  
  39  11:01  Marine  
  40  11:05  Terran Infantry Weapons Level 3  
  40  11:06  Terran Infantry Armor Level 3  
  40  11:08  Marine x2  
  40  11:09  Marine  
  40  11:10  Medivac x2  
  44  11:19  Marine  
  45  11:25  Command Center  
  45  11:26  Marine x2  
  33  11:54  SCV  
  33  11:56  SCV  
  31  12:06  SCV  
  31  12:08  SCV  
  29  12:15  Viking x2  
  34  12:18  SCV  
  36  12:29  Barracks Reactor  
  34  12:31  SCV x2  
  34  12:35  Barracks Reactor  
  34  12:36  Barracks Reactor  
  36  12:37  SCV  
  36  12:43  SCV x2  
  39  12:49  SCV  
  40  12:55  Barracks  
  40  12:59  SCV x2  
  40  13:01  SCV  
  43  13:09  Marine x2  
  43  13:11  SCV  
  43  13:12  Marine x2  
  46  13:13  Marine x2  
  46  13:16  Medivac x2  
  54  13:28  Orbital Command  
  54  13:30  Marine x2  
  54  13:32  Marine x3  
  54  13:33  Marine  
  60  13:37  Terran Vehicle And Ship Armor Level 2  
  60  13:43  Barracks  
  60  13:47  Marine  
  61  13:48  Marine  
  61  13:50  Marauder  
  61  13:53  Medivac  
  61  13:54  Medivac  
  68  13:57  SCV  
  68  14:01  Refinery  
  69  14:04  Refinery  
  69  14:09  SCV, Marine x3  
  73  14:10  Marine  
  74  14:18  Marine x2  
  74  14:19  Marauder  
  74  14:21  SCV  
  79  14:33  SCV  
  79  14:34  Marine x4  
  79  14:35  Marine  
  85  14:41  Marauder  
  85  14:45  SCV  
  88  14:57  SCV  
  89  15:04  Marine x3  
  89  15:05  Marine x3  
  95  15:07  Marine x2  
  95  15:09  SCV  
  94  15:22  Marine x3  
  94  15:25  Marauder x2  
  68  15:35  Marine x2  
  68  15:36  Marine  
  68  15:40  Marine x2  
  73  15:53  Marine x4  
  73  15:54  Marine  
  67  15:58  Marine  
  67  16:00  Marine  
  57  16:08  Medivac x2  
  57  16:11  Marine  
  58  16:13  Marine x2  
  58  16:30  Marine x2  
  58  16:31  Marine  
Show
View Real Time Build Order
Export as new Build Order

Ekelpack Zerg 

Build Orders: Hatch First 

Get SALT Encoding   

  12  0:00  Drone  
  13  0:12  Overlord  
  13  0:20  Drone  
  14  0:32  Drone x2  
  16  0:36  Drone  
  17  0:55  Hatchery  
  17  0:56  Drone  
  17  1:02  Extractor  
  16  1:04  Drone  
  17  1:17  Spawning Pool  
  16  1:19  Drone  
  17  1:29  Drone x2  
  19  1:39  Drone  
  20  2:00  Overlord  
  20  2:04  Metabolic Boost  
  20  2:05  Queen  
  20  2:07  Zergling x2  
  23  2:12  Queen  
  23  2:14  Drone  
  26  2:31  Drone x2  
  26  2:35  Drone  
  26  2:36  Drone  
  30  2:39  Extractor  
  30  2:40  Drone  
  30  2:41  Drone  
  31  2:44  Lair  
  31  2:51  Drone  
  32  2:55  Extractor  
  32  2:56  Drone  
  32  3:02  Drone  
  33  3:05  Extractor  
  32  3:15  Drone x2  
  32  3:16  Drone x2  
  36  3:22  Overlord  
  36  3:23  Overlord  
  36  3:36  Overlord  
  36  3:44  Spire  
  35  3:49  Drone x3  
  35  3:50  Drone  
  39  3:58  Overlord  
  39  4:00  Drone x3  
  39  4:02  Drone  
  43  4:14  Drone  
  44  4:21  Drone x3  
  44  4:22  Drone  
  47  4:47  Zergling x6  
  47  4:50  Queen  
  44  5:01  Mutalisk x4  
  52  5:08  Queen  
  52  5:18  Mutalisk x2  
  46  5:34  Zerg Flyer Weapons Level 1  
  46  5:42  Drone x3  
  49  5:52  Drone x3  
  52  6:02  Mutalisk x4  
  60  6:16  Drone x2  
  56  6:35  Drone x2  
  58  6:43  Drone x2  
  60  6:49  Overlord x3  
  60  7:08  Mutalisk x4  
  52  7:09  Overlord x2  
  52  7:10  Zergling x2  
  55  7:33  Hydralisk Den  
  54  7:42  Drone x3  
  57  7:48  Zergling x2  
  57  7:49  Zergling x6  
  59  8:11  Hatchery  
  50  8:26  Hydralisk x6  
  50  8:31  Hydralisk x3  
  50  8:32  Hydralisk x3  
  64  8:42  Overlord  
  64  8:43  Queen  
  66  8:56  Grooved Spines  
  66  9:09  Queen  
  65  9:14  Overseer  
  67  9:27  Drone x6  
  67  9:28  Drone  
  74  9:50  Extractor  
  74  9:51  Queen  
  75  9:54  Muscular Augments  
  75  10:17  Drone x3  
  78  10:21  Hydralisk x2  
  78  10:23  Overlord x4  
  82  10:40  Evolution Chamber  
  81  10:46  Hydralisk x6  
  81  10:47  Hydralisk x4  
  101  10:55  Overlord  
  101  10:56  Hydralisk x2  
  105  11:06  Overlord x2, Hydralisk  
  105  11:07  Hydralisk x2  
  105  11:10  Hydralisk  
  113  11:14  Hydralisk x2  
  113  11:17  Zerg Missile Weapons Level 1  
  115  11:54  Hydralisk x6  
  113  11:55  Hydralisk x6  
  113  11:57  Overlord  
  135  12:13  Overlord  
  135  12:14  Overlord  
  135  12:15  Queen  
  104  12:46  Extractor  
  104  12:50  Hydralisk  
  104  12:51  Hydralisk x7  
  105  12:52  Hydralisk  
  121  13:01  Hatchery  
  120  13:09  Hydralisk x2  
  120  13:10  Hydralisk  
  120  13:11  Zerg Missile Weapons Level 2  
  126  13:18  Hydralisk x3  
  132  13:25  Hydralisk x5  
  142  13:33  Overlord  
  142  13:47  Hydralisk, Extractor  
  142  13:48  Hydralisk  
  145  13:49  Overlord x2  
  145  14:04  Hydralisk x2  
  145  14:05  Overlord x2  
  149  14:10  Drone x5  
  154  14:19  Overseer  
  154  14:20  Overseer  
  154  14:29  Infestation Pit  
  154  14:31  Overlord  
  153  14:34  Hydralisk x4  
  153  14:35  Hydralisk x4  
  165  15:00  Hydralisk  
  165  15:01  Hydralisk x5  
  165  15:02  Hydralisk  
  142  15:28  Hydralisk  
  142  15:29  Hydralisk x2  
  72  15:51  Hydralisk x3  
  72  15:52  Hydralisk x6  
  74  16:08  Hydralisk x3  
  62  16:35  Hydralisk x5  
Show
View Real Time Build Order
Export as new Build Order

Add Terran 

Build Orders: 2 Factory, Mech 

Get SALT Encoding   

  12  0:01  SCV  
  13  0:13  SCV  
  14  0:18  Supply Depot  
  14  0:31  SCV  
  15  0:43  SCV  
  15  0:46  Barracks  
  16  0:52  Supply Depot  
  16  0:55  Refinery  
  16  1:06  SCV  
  17  1:21  SCV  
  18  1:34  SCV  
  19  1:46  Orbital Command  
  19  1:50  Refinery  
  19  1:53  Marine  
  20  2:03  Factory  
  20  2:12  SCV  
  21  2:19  Supply Depot  
  21  2:21  Barracks Reactor  
  21  2:24  SCV  
  22  2:36  SCV  
  23  2:52  Factory  
  23  3:05  SCV  
  24  3:10  Barracks Tech Lab  
  28  3:12  Hellion  
  28  3:13  Hellion  
  28  3:18  SCV  
  29  3:29  Command Center  
  29  3:34  Hellion x2  
  33  3:43  Armory  
  33  3:45  Marine  
  34  3:50  Hellion  
  34  3:51  Infernal Pre-Igniter  
  36  4:01  Widow Mine  
  38  4:06  SCV  
  38  4:38  Widow Mine  
  39  4:43  Widow Mine x2  
  38  4:54  SCV x2  
  41  5:07  Cyclone, Widow Mine x2  
  36  5:32  Hellion x2  
  40  5:37  SCV x2  
  40  5:39  Siege Tank  
  45  5:49  Marine  
  46  5:53  SCV  
  46  5:54  SCV  
  48  6:00  Hellbat x2  
  48  6:02  Terran Vehicle Weapons Level 1  
  52  6:09  Supply Depot  
  52  6:23  Widow Mine  
  54  6:31  Thor, Widow Mine  
  54  6:32  Marine  
  63  6:33  Supply Depot  
  63  6:43  SCV  
  63  6:44  SCV  
  65  6:49  Refinery  
  65  6:52  Refinery  
  65  6:55  SCV  
  65  6:56  SCV, Widow Mine x2  
  66  7:10  Marine  
  67  7:23  Thor, Hellbat x2  
  67  7:28  Marine  
  76  7:31  SCV x2  
  78  7:56  SCV x2, Marine  
  78  7:57  Terran Vehicle And Ship Armor Level 1, Hellbat x2  
  81  8:17  Thor  
  71  8:34  Hellbat  
  71  8:35  Hellbat  
  74  8:43  Marine  
  75  8:54  SCV x2  
  77  8:58  Factory  
  77  9:00  Widow Mine x2  
  81  9:03  Siege Tank  
  81  9:06  SCV x2  
  86  9:23  Marine  
  86  9:24  SCV x2  
  89  9:26  Supply Depot  
  89  9:28  Widow Mine x2  
  89  9:41  Marine  
  89  9:42  SCV x2  
  92  9:47  Thor  
  92  9:48  Supply Depot  
  98  9:56  Hellbat x2  
  102  10:12  Supply Depot  
  77  10:29  Hellbat x2  
  77  10:35  Supply Depot  
  70  10:38  Siege Tank  
  70  10:42  Marine  
  70  10:53  Hellbat x2  
  74  10:58  Supply Depot, Factory Tech Lab  
  74  10:59  Terran Vehicle Weapons Level 2  
  74  11:02  SCV x2  
  76  11:07  Command Center  
  76  11:17  Siege Tank, Hellbat x2  
  77  11:41  SCV  
  77  11:43  Orbital Command  
  78  11:49  Siege Tank, Hellbat x2  
  85  11:58  Siege Tank  
  88  12:04  SCV  
  89  12:13  Widow Mine x2  
  93  12:18  SCV x2  
  93  12:21  SCV  
  96  12:36  Hellbat  
  96  12:37  Siege Tank x2, Hellbat  
  107  13:04  Factory, Hellbat x2  
  110  13:13  Starport  
  110  13:15  Siege Tank  
  110  13:16  Siege Tank  
  116  13:24  SCV  
  116  13:25  SCV  
  118  13:27  Orbital Command  
  118  13:31  Hellbat x2  
  122  13:51  Factory Tech Lab  
  122  13:53  Medivac  
  124  13:58  SCV x3  
  124  14:00  Siege Tank x2, Hellbat x2  
  137  14:17  Thor  
  143  14:24  Hellbat  
  143  14:25  Hellbat  
  145  14:48  Thor x2, Hellbat x2  
  161  15:00  Thor  
  167  15:27  Hellbat  
  167  15:28  Hellbat  
  130  15:50  Thor x2, Hellbat x2  
  130  15:51  Thor  
  140  16:14  Hellbat x2  
  140  16:16  Medivac  
  140  16:17  Marine  
  147  16:36  Hellbat x2  
Show
View Real Time Build Order
Export as new Build Order

MalaNeve Protoss 

Build Orders: 1 Gate Expand, Phoenix Opening, Carriers 

Get SALT Encoding   

  12  0:03  Probe  
  13  0:15  Probe  
  14  0:30  Pylon  
  14  0:36  Probe (Chrono Boost)  
  15  0:48  Probe (Chrono Boost)  
  15  0:49  Gateway  
  16  0:54  Probe  
  17  0:58  Assimilator  
  17  1:06  Probe  
  18  1:18  Probe  
  19  1:30  Probe  
  20  1:36  Nexus  
  20  1:42  Probe  
  20  1:43  Cybernetics Core  
  21  1:55  Probe  
  22  2:17  Pylon  
  22  2:18  Warp Gate (Chrono Boost)  
  22  2:28  Probe  
  23  2:31  Stalker (Chrono Boost)  
  23  2:35  Assimilator, Pylon  
  24  2:42  Probe  
  25  2:57  Stalker (Chrono Boost)  
  27  3:06  Assimilator  
  27  3:14  Stargate  
  27  3:27  Pylon  
  27  3:30  Forge  
  27  3:34  Probe x2  
  29  3:35  Assimilator  
  29  3:44  Stalker  
  29  3:46  Probe x2  
  33  3:58  Phoenix  
  32  4:04  Probe  
  32  4:05  Probe  
  33  4:18  Probe x2  
  33  4:22  Phoenix (Chrono Boost)  
  37  4:31  Pylon  
  37  4:34  Probe (Chrono Boost), Photon Cannon  
  37  4:35  Probe (Chrono Boost)  
  39  4:44  Probe x2 (Chrono Boost)  
  41  4:48  Probe (Chrono Boost)  
  42  5:01  Phoenix (Chrono Boost)  
  44  5:09  Probe x2  
  46  5:18  Stalker  
  48  5:21  Probe x2  
  48  5:26  Void Ray  
  54  5:33  Probe x2, Stargate  
  56  5:35  Stargate  
  56  5:39  Photon Cannon  
  56  5:45  Probe x2  
  58  6:32  Phoenix x3 (Chrono Boost)  
  62  6:36  Stalker  
  64  6:41  Probe x2  
  64  6:42  Fleet Beacon  
  66  6:53  Protoss Air Weapons Level 1, Probe  
  66  6:54  Probe  
  68  7:03  Nexus  
  68  7:30  Probe x2  
  68  7:32  Pylon  
  68  7:33  Pylon  
  68  7:35  Pylon  
  70  7:37  Assimilator  
  70  7:39  Assimilator  
  70  7:43  Pylon  
  70  7:45  Pylon  
  70  7:51  Carrier (Chrono Boost)  
  76  7:52  Carrier (Chrono Boost)  
  76  7:53  Carrier (Chrono Boost), Pylon  
  88  8:52  Carrier (Chrono Boost)  
  88  8:53  Carrier (Chrono Boost)  
  88  8:54  Carrier (Chrono Boost)  
  106  9:06  Protoss Air Armor Level 1  
  106  9:07  Probe (Chrono Boost)  
  106  9:08  Probe (Chrono Boost)  
  109  9:11  Probe (Chrono Boost)  
  109  9:12  Protoss Ground Weapons Level 1  
  109  9:19  Probe x2 (Chrono Boost)  
  109  9:23  Probe (Chrono Boost)  
  112  9:28  Pylon  
  112  9:29  Pylon  
  112  9:35  Twilight Council  
  112  10:19  Carrier x3  
  120  11:04  Probe x3  
  120  11:09  Gateway  
  120  11:10  Gateway  
  123  11:13  Gateway  
  123  11:14  Gateway  
  123  11:16  Gateway, Probe  
  123  11:18  Gateway  
  118  12:30  Carrier x3 (Chrono Boost)  
  118  12:35  Zealot  
  122  12:45  Pylon  
  122  12:46  Pylon  
  122  12:47  Charge (Chrono Boost)  
  122  12:48  Pylon  
  122  12:52  Zealot  
  122  12:53  Protoss Ground Armor Level 1  
  122  12:54  Zealot x5  
  122  12:56  Zealot  
  136  13:17  Zealot x7  
  150  13:27  Protoss Air Armor Level 2  
  150  13:41  Zealot x6  
  150  13:42  Zealot  
  164  13:56  Probe  
  164  13:57  Probe  
  164  13:58  Carrier  
  172  14:03  Pylon  
  172  14:04  Pylon  
  172  14:06  Pylon  
  172  14:07  Pylon  
  172  14:08  Pylon x2  
  172  14:11  Pylon  
  172  14:13  Pylon  
  172  14:21  Carrier  
  172  14:22  Carrier  
  184  14:28  Zealot x7  
  180  15:06  Zealot x6  
  152  15:51  Zealot x2  
  152  15:52  Zealot x5  
Tags
 
Add a new tag
Caveats
  • Supply blocks, unpowered buildings, or Contaminate may cause inaccurate times.
  • Supply counts are checked every 10 seconds.